 Dungeon Crawl Stone Soup version 0.29.1-2-gbd0b4ee654 (webtiles) character file.

Game seed: 6526639781713090114

4 Ivernyr the Sneak (level 1, 0/15 HPs)
             Began as a Naga Enchanter on Oct 29, 2022.
             Slain by a quokka (2 damage)
             ... on level 1 of the Dungeon.
             The game lasted 00:00:24 (42 turns).

Ivernyr the Sneak (Naga Enchanter)                    Turns: 42, Time: 00:00:24

Health: 0/15       AC:  1    Str: 10    XL:     1   Next: 60%
Magic:  3/3        EV:  9    Int: 15    God:
Gold:   0          SH:  0    Dex: 11    Spells: 4/4 levels left

rFire   . . .      SeeInvis +   a - +1 dagger
rCold   . . .      Faith    .   (no shield)
rNeg    . . .      Spirit   .   b - +0 robe
rPois   +          Reflect  .   (no helmet)
rElec   .          Harm     .   (no cloak)
rCorr   .          Rampage  .   (no gloves)
Will    .....                   (no barding)
Stlth   +++.......              (no amulet)
HPRegen 0.05/turn               (no ring)
MPRegen 0.08/turn               (no ring)

@: very slow
A: AC +0, large, see invisible, deformed body, poison resistance, slowness 2,
spit poison 1, naga tail 1
a: Spit Poison


You were on level 1 of the Dungeon.
You visited 1 branch of the dungeon, and saw 1 of its levels.

Inventory:

Hand Weapons
 a - a +1 dagger (weapon)
Armour
 b - a +0 robe (worn)
Potions
 c - 2 potions of invisibility
 d - a potion of heal wounds {unknown}


   Skills:
 + Level 1.1 Short Blades
 - Level 1.5 Dodging
 * Level 4.6 Stealth
 + Level 2.0 Spellcasting
 + Level 3.0 Hexes


You had 4 spell levels left.
You didn't know any spells.
Your spell library contained the following spells:

 Spells                   Type           Power      Damage    Failure   Level
 Ensorcelled Hibernation  Hex/Ice        12%        N/A       19%         2
 Confusing Touch          Hex            10%        N/A       19%         3
 Tukima's Dance           Hex            10%        N/A       19%         3
 Dazzling Flash           Conj/Hex       12%        N/A       34%         3


Dungeon Overview and Level Annotations

Branches:
Dungeon (1/15)

Altars:


Innate Abilities, Weirdness & Mutations

Your serpentine skin is tough. (AC +0)
You have supernaturally acute eyesight. (SInv)
Armour fits poorly on your strangely shaped body.
Your system is resistant to poisons. (rPois)
You cover ground very slowly.
You can spit poison.
You have a snake-like lower body.


Message History

A quokka and a dart slug come into view.
Found a glowing barding.
The dart slug launches a dart at you. The slug dart hits you.
You hit the endoplasm.
The endoplasm is heavily wounded.
The endoplasm barely misses you.
You hit the endoplasm.
You kill the endoplasm!
You start resting.
A dart slug is nearby!
The dart slug barely misses you.
You hit the dart slug but do no damage.
Aiming: Spit Poison (3% risk of failure)
Press: ? - help, Shift-Dir - straight line, f - dart slug
Aim: a dart slug (100% to hit)
The splash of poison hits the dart slug!
The dart slug is poisoned.
You kill the dart slug!
You have got your breath back.
A frilled lizard comes into view.
The quokka bites you.
Aiming: Spit Poison (3% risk of failure)
Press: ? - help, Shift-Dir - straight line, f - quokka
Aim: a quokka (38% to hit)
The splash of poison misses the quokka.
The quokka bites you.
You closely miss the quokka. The quokka bites you.
You hit the quokka.
The quokka is moderately wounded.
The quokka closely misses you.
You don't know any spells.
You can't do that yet.
You closely miss the quokka.
The quokka is moderately wounded.
The quokka bites you.
* * * LOW HITPOINT WARNING * * *
The quokka attacks as you move away! The quokka closely misses you.
You have got your breath back.
The quokka bites you.
You die...

...........##
............
..........###.#
...............
.........#
.#####.#.#
#...#.#.# #
###.###.#.#
#>.@r...#
###.###...#
#<..# #.#.#
##### #.#.#
#...# #.. #
..#. #.#.


You could see a quokka.

Vanquished Creatures
  A dart slug (D:1)
  An endoplasm (D:1)
2 creatures vanquished.

Notes
Turn   | Place    | Note
-------+----------+-------------------------------------------
     0 | D:1      | Ivernyr the Naga Enchanter began the quest for the Orb.
     0 | D:1      | Reached XP level 1. HP: 15/15 MP: 3/3
    42 | D:1      | Slain by a quokka

Illustrated notes

Levels and vault maps discovered:
D:1:      evilmike_arrival_hilbert_curve, layout_basic, serial_shops,
          nicolae_square_shop

Action                   || total
-------------------------++-------
Melee: Dagger            ||     6
 Abil: Spit Poison       ||     2
Dodge: Dodged            ||     4
